Map: Magannatha LE

Players

Rom

  • Race: Protoss Protoss
  • League: Grandmaster
  • Spawn Location: 11:00

A.I. 1 (Medium) - Winner!

  • Race: Protoss Protoss
  • Spawn Location: 5:00

VOD

Have the link to the VOD?

Description

Time

  • Played on: May 25, 2025, 8:04 a.m.
  • Length: 9:12
Show
View Real Time Build Order
Export as new Build Order

Rom Protoss 

Build Orders: Phoenix Opening, Blink Stalkers, Zealot Archon 

Get SALT Encoding   

  12  0:00  Probe  
  13  0:12  Probe  
  14  0:17  Pylon  
  14  0:23  Probe  
  15  0:31  Probe  
  16  0:37  Gateway  
  16  0:39  Probe  
  16  0:46  Assimilator  
  17  0:51  Probe  
  17  0:54  Assimilator  
  18  0:59  Probe  
  19  1:07  Probe  
  19  1:13  Gateway  
  19  1:17  Probe  
  21  1:25  Cybernetics Core  
  21  1:29  Probe  
  22  1:37  Pylon  
  22  1:41  Probe  
  23  1:55  Probe  
  23  1:59  Stalker  
  24  2:01  Sentry  
  24  2:02  Warp Gate  
  24  2:07  Probe  
  28  2:15  Pylon  
  28  2:26  Sentry  
  30  2:30  Stalker  
  30  2:33  Phoenix  
  32  2:43  Nexus  
  32  2:46  Probe  
  32  2:49  Sentry  
  35  2:58  Probe  
  35  3:04  Shield Battery  
  36  3:07  Pylon  
  36  3:11  Probe  
  37  3:17  Twilight Council  
  37  3:20  Probe  
  37  3:24  Blink  
  38  3:28  Probe  
  39  3:37  Probe  
  40  3:49  Probe  
  41  3:56  Stalker x2  
  41  3:57  Probe  
  41  4:01  Probe  
  47  4:09  Probe  
  48  4:13  Probe  
  49  4:19  Stalker  
  49  4:20  Stalker  
  49  4:22  Probe  
  54  4:26  Pylon  
  54  4:27  Probe  
  55  4:34  Probe  
  56  4:41  Probe  
  56  4:43  Nexus  
  57  4:47  Probe  
  57  4:51  Stalker  
  60  4:54  Stalker  
  60  4:55  Probe  
  60  4:59  Probe  
  64  5:04  Assimilator  
  64  5:06  Robotics Facility  
  64  5:11  Forge, Probe  
  64  5:14  Probe  
  66  5:17  Stalker  
  68  5:21  Stalker  
  70  5:29  Pylon  
  70  5:37  Protoss Ground Weapons Level 1  
  70  5:41  Charge  
  70  5:43  Probe  
  70  5:47  Probe  
  70  5:48  Observer  
  72  5:51  Probe  
  72  5:54  Gateway  
  72  5:55  Gateway, Probe  
  75  5:58  Immortal  
  75  5:59  Probe  
  75  6:03  Probe  
  77  6:07  Probe  
  77  6:10  Gateway  
  82  6:11  Probe  
  82  6:12  Gateway  
  82  6:17  Probe  
  84  6:19  Gateway  
  84  6:21  Gateway  
  84  6:22  Probe  
  84  6:25  Templar Archives  
  85  6:27  Probe  
  85  6:30  Probe  
  85  6:32  Assimilator, Warp Prism  
  87  6:34  Probe  
  87  6:35  Assimilator  
  87  6:39  Probe  
  89  6:40  Pylon  
  89  6:42  Probe  
  92  6:49  Probe  
  92  6:52  Pylon  
  93  6:54  Pylon  
  93  6:58  Probe x2  
  95  7:01  Probe  
  95  7:05  High Templar x2  
  95  7:07  Pylon  
  100  7:09  Archon  
  100  7:12  Zealot x3  
  100  7:13  Zealot  
  108  7:19  Zealot  
  108  7:20  Zealot  
  110  7:23  Pylon, Immortal  
  114  7:32  Pylon  
  114  7:34  High Templar x2, Zealot x2  
  122  7:40  Archon  
  122  7:41  Pylon, Zealot x4  
  130  7:47  Pylon  
  130  7:55  Pylon  
  130  7:58  Zealot x2  
  130  8:01  Pylon  
  130  8:02  Zealot x2  
  138  8:07  Zealot x2  
  142  8:12  High Templar  
  142  8:13  High Templar  
  142  8:18  Archon  
  146  8:21  Zealot x2  
  146  8:25  Zealot x2  
  154  8:38  Nexus  
  154  8:41  High Templar x2, Zealot  
  158  8:42  Zealot  
  158  8:45  Archon  
  158  8:46  Zealot x4  
  170  8:54  Pylon  
  170  9:00  Gateway  
  170  9:02  Gateway  
  170  9:10  Zealot  
Show
View Real Time Build Order
Export as new Build Order

A.I. 1 (Medium) Protoss - Winner!

Build Orders:  

Get SALT Encoding   

  12  0:00  Probe  
  13  0:13  Probe  
  14  0:19  Pylon  
  14  0:25  Probe  
  15  0:33  Probe  
  15  0:41  Probe  
  16  0:48  Assimilator  
  17  0:51  Gateway, Probe  
  18  0:59  Pylon  
  18  1:27  Gateway  
  18  1:29  Zealot  
  18  1:31  Assimilator  
  20  1:41  Cybernetics Core  
  20  1:53  Zealot  
  22  2:03  Pylon  
  22  2:15  Stalker  
  22  2:17  Warp Gate  
  24  2:35  Stalker  
  26  2:55  Stalker  
  26  2:56  Pylon  
  28  2:59  Probe  
  29  3:07  Probe  
  30  3:15  Probe  
  30  3:18  Adept  
  33  3:25  Probe  
  33  3:26  Forge  
  34  3:35  Stalker  
  34  3:37  Probe  
  37  3:49  Probe  
  38  4:05  Stalker  
  40  6:33  Probe  
  40  6:38  Stalker  
  40  6:39  Photon Cannon  
  43  6:40  Photon Cannon  
  43  6:42  Pylon  
  43  6:44  Robotics Facility  
  43  6:45  Nexus  
  42  6:48  Stargate  
  42  6:50  Twilight Council  
  42  6:52  Sentry  
  42  6:53  Gateway  
  44  6:57  Forge  
  44  7:00  Probe  
  45  7:03  Pylon  
  45  7:06  Adept  
  45  7:21  Adept  
  33  7:31  Observer  
  33  7:35  Zealot  
  36  7:49  Zealot, Observer  
  39  7:57  Probe x2  
  40  8:04  Stalker  
  43  8:05  Probe  
  43  8:06  Assimilator  
  43  8:07  Pylon  
  43  8:09  Pylon, Probe  
  43  8:12  Assimilator  
  45  8:14  Probe  
  45  8:18  Stalker  
  48  8:21  Probe  
  48  8:26  Probe  
  50  8:29  Photon Cannon  
  50  8:32  Stalker  
  50  8:33  Photon Cannon, Probe  
  52  8:38  Probe  
  53  8:45  Probe  
  53  8:47  Stalker  
  56  8:50  Probe  
  57  8:57  Probe  
  57  9:01  Stalker  
Tags
 
Add a new tag
Caveats
  • Supply blocks, unpowered buildings, or Contaminate may cause inaccurate times.
  • Supply counts are checked every 10 seconds.